 Dungeon Crawl Stone Soup version 0.20-a0-842-g939b552 (webtiles) character file.

2661 Laan the Cleaver (level 9, 0/64 HPs)
             Began as a Formicid Fighter on Mar 9, 2017.
             Slain by a yak (3 damage)
             ... on level 7 of the Dungeon.
             The game lasted 00:09:26 (4847 turns).

Laan the Cleaver (Formicid Fighter)                 Turns: 4847, Time: 00:09:26

Health: 0/64       AC: 10    Str: 24    XL:     9   Next: 94%
Magic:  9/9        EV: 10    Int:  8    God:
Gold:   282        SH:  9    Dex: 10    Spells: 8/8 levels left

rFire    . . .     SeeInvis +   u - +4 hand axe (drain)
rCold    . . .     Gourm    .   n - +0 chain mail
rNeg     . . .     Faith    .   c - +0 shield
rPois    .         Spirit   .   (helmet unavailable)
rElec    .         Reflect  .   i - +0 cloak
rCorr    .         Harm     .   (no gloves)
MR       .....                  (no boots)
Stlth    ..........             (no amulet)
Regen    0.2/turn               (no ring)
MPRegen  0.2/turn               h - +4 ring of evasion

@: no status effects
A: permanent stasis, dig shafts and tunnels, four strong arms, antennae 3
a: Dig, Shaft Self


You were on level 7 of the Dungeon.
You were not hungry.

You visited 2 branches of the dungeon, and saw 8 of its levels.

You collected 282 gold pieces.

Inventory:

Hand Weapons
 a - a +0 war axe
 t - a +0 vampiric war axe
 u - a +4 hand axe of draining (weapon)
Armour
 c - a +0 shield (worn)
 i - a +0 cloak (worn)
 n - a +0 chain mail (worn)
Jewellery
 h - a +4 ring of evasion (left hand)
 D - an uncursed amulet of magic regeneration {unknown}
Wands
 l - a wand of digging (14/24)
 r - a wand of polymorph (11/24)
 A - a wand of random effects (9/48)
Scrolls
 g - 5 scrolls of identify
 p - a scroll of immolation {unknown}
 s - a scroll of remove curse
 y - 2 scrolls of amnesia {unknown}
 z - a scroll of enchant armour {unknown}
 B - a scroll of vulnerability {unknown}
Potions
 d - 3 potions of might
 e - a potion of haste {unknown}
 k - 2 potions of brilliance
 m - 5 potions of curing {unknown}
 o - a potion of invisibility {unknown}
 w - a potion of ambrosia {unknown}
 x - a potion of lignification {unknown}
 C - a potion of mutation {unknown}
Books
 j - a book of Necromancy

   Spells                             Type                      Level
   a - Pain                           Necromancy                   1
   b - Animate Skeleton               Necromancy                   1
   c - Vampiric Draining              Necromancy                   3
   d - Regeneration                   Charms/Necromancy            3
   e - Animate Dead                   Necromancy                   4
   f - Control Undead                 Necromancy                   4
Comestibles
 b - a royal jelly
 f - 3 bread rations
 q - a chunk of flesh
 v - 2 meat rations


   Skills:
 - Level 3.2 Fighting
 + Level 12.6 Axes
 - Level 3.2 Armour
 - Level 3.6 Shields


You had 8 spell levels left.
You didn't know any spells.

Dungeon Overview and Level Annotations

Branches:
Dungeon (7/15)             Temple (1/1) D:5

Altars:
Ashenzari
Cheibriados
Dithmenos
Elyvilon
Fedhas
Hepliaklqana
Kikubaaqudgha
Makhleb
Nemelex Xobeh
Okawaru
Qazlal
Ru
Sif Muna
Uskayaw
Wu Jian
Xom
Yredelemnul
Zin
The Shining One

Shops:
D:5 :

Annotations:
D:5 Prince Ribbit


Innate Abilities, Weirdness & Mutations

You cannot be hasted, slowed, berserked, paralysed or teleported.
You can dig through walls and to a lower floor.
Your four strong arms can wield two-handed weapons with a shield.
You have a pair of large antennae on your head. (SInv)


Message History

You barely miss the yak.
The yak is heavily wounded.
Your shield and chain mail prevent you from hitting the yak.
Your chain mail prevents you from hitting the yak.
You closely miss the yak.
You block the yak's attack. x2; The yak gores you!
* * * LOW HITPOINT WARNING * * *
You block the yak's attack.
You hit the yak. You drain the yak!
The yak is heavily wounded.
Your shield and chain mail prevent you from hitting the yak.
You barely miss the yak. You hit the yak. You drain the yak! The yak gores you.
* * * LOW HITPOINT WARNING * * *
Your shield and chain mail prevent you from hitting the yak.
The yak is heavily wounded.
You barely miss the yak. You completely miss the yak. You hit the yak.
You drain the yak! The yak gores you but does no damage.
You block the yak's attack. The yak gores you!
* * * LOW HITPOINT WARNING * * *
The yak gores you.
You die...

#######.########
......................
######.#####.........#
#..# #.........#
######.## #.........#
#.......# #.........#
#.......###.........#
#........##.....Y...#
#.......#.##....@Y...#
#....####.##...YY†...#
#.... #.##.).......#
#.... #..#.)..........
## ##.........#....
#.#####..>#.... #.#
+...# ... #.# {#$..#
.. #(# ...#


You could see 4 yaks.

Vanquished Creatures
  Pikel (D:6)
  A yak (D:7)
  A wyvern (D:6)
  A water moccasin (D:6)
  3 ice beasts
  2 slaves (D:6)
  2 ogres
  A centaur (D:6)
  A bullfrog (D:6)
  5 killer bees (D:7)
  3 wights (D:7)
  A howler monkey (D:6)
  3 crimson imps
  4 hounds
  A jelly (D:6)
  An orc priest (D:6)
  A bullfrog skeleton (D:6)
  An iguana (D:4)
  Natasha (twice) (D:2)
  4 orc wizards
  Terence (D:2)
  2 worker ants
  Robin (D:2)
  9 adders
  2 shadow imps (D:6)
  2 oozes
  An adder skeleton (D:6)
  4 worms
  A dart slug (D:1)
  A leopard gecko (D:1)
  20 orcs
  2 ball pythons
  14 giant cockroaches
  12 goblins
  11 hobgoblins
  10 jackals
  10 kobolds
  2 quokkas
  7 bats
  5 frilled lizards
  2 giant cockroach zombies (D:5)
  A quokka zombie (D:7)
  6 rats
  A spectral orc (D:5)
166 creatures vanquished.

Notes
Turn   | Place    | Note
-------+----------+-------------------------------------------
     0 | D:1      | Laan the Formicid Fighter began the quest for the Orb.
     0 | D:1      | Reached XP level 1. HP: 18/18 MP: 1/1
   123 | D:1      | Reached XP level 2. HP: 23/24 MP: 2/2
   198 | D:1      | Reached skill level 3 in Axes
   390 | D:1      | Reached XP level 3. HP: 27/29 MP: 3/3
   976 | D:2      | Noticed Terence
   993 | D:2      | Killed Terence
   993 | D:2      | Reached skill level 4 in Axes
   993 | D:2      | Reached XP level 4. HP: 21/35 MP: 4/4
  1132 | D:2      | Noticed Robin
  1155 | D:2      | Killed Robin
  1155 | D:2      | Reached XP level 5. HP: 34/41 MP: 5/5
  1256 | D:2      | Noticed Natasha
  1261 | D:2      | Killed Natasha
  1261 | D:2      | Reached skill level 5 in Axes
  1378 | D:2      | Noticed Natasha
  1390 | D:2      | Killed Natasha
  1540 | D:3      | Reached XP level 6. HP: 40/47 MP: 6/6
  1710 | D:3      | Reached skill level 6 in Axes
  1806 | D:3      | Found a stormy altar of Qazlal.
  1927 | D:3      | Found a blossoming altar of Fedhas.
  2348 | D:4      | Found a sparkling altar of Nemelex Xobeh.
  2504 | D:4      | Reached skill level 7 in Axes
  2504 | D:4      | Reached XP level 7. HP: 52/52 MP: 7/7
  3139 | D:5      | Entered Level 5 of the Dungeon
  3142 | D:5      | Found a glowing golden altar of the Shining One.
  3165 | D:5      | Reached skill level 8 in Axes
  3189 | D:5      | Found an ancient bone altar of Kikubaaqudgha.
  3273 | D:5      | Found Poajamolaf's Book Shop.
  3378 | D:5      | Reached XP level 8. HP: 56/58 MP: 8/8
  3407 | D:5      | Noticed Prince Ribbit
  3540 | D:5      | Found a basalt altar of Yredelemnul.
  3612 | D:5      | Found a staircase to the Ecumenical Temple.
  3619 | Temple   | Entered the Ecumenical Temple
  3774 | D:6      | Noticed a wyvern
  3784 | D:6      | HP: 1/58 [wyvern (9)]
  3793 | D:6      | Killed a wyvern
  3793 | D:6      | Reached skill level 9 in Axes
  3924 | D:6      | Reached skill level 10 in Axes
  3993 | D:6      | Noticed Pikel
  4021 | D:6      | Killed Pikel
  4021 | D:6      | Reached skill level 11 in Axes
  4021 | D:6      | Reached XP level 9. HP: 49/64 MP: 9/9
  4197 | D:6      | Found an ornate altar of the Wu Jian Council.
  4400 | D:6      | Found a hazy altar of Hepliaklqana.
  4519 | D:6      | Found a shattered altar of Ashenzari.
  4725 | D:7      | Reached skill level 12 in Axes
  4847 | D:7      | HP: 3/64 [yak (10)]
  4847 | D:7      | Slain by a yak

Vault maps used:
D:1:      dpeg_arrival_court
D:2:      uniq_robin, uniq_natasha, uniq_terence
D:3:      minmay_roachtagon, fedhas_altar_4, overflow_temple_1_default,
          nrook_uturn
D:4:      nemelex_xobeh_ov_fountains_minmay, first_bread,
          kennysheep_generic_room_8
D:5:      kiku_gazebo_pond_becter, yredelemnul_forgotten_temple_becter,
          minmay_temple_entry_fiery, serial_shops, kennysheep_mini, basic_altar,
          uniq_prince_ribbit1
D:6:      overflow_temple_1_default, lemuel_crystal_altar,
          overflow_temple_1_default, uniq_pikel
D:7:      the_bakery, st_stairs_8
Temple:   zaba_magenta_temple

Skill      XL: |  1  2  3  4  5  6  7  8  9 |
---------------+----------------------------+-----
Axes           | 3 4 5 7 8 11 12 | 12.6
Fighting       | |  3.2
Armour         | |  3.2
Shields        | |  3.6

Action                   |  1- 3 |  4- 6 |  7- 9 || total
-------------------------+-------+-------+-------++-------
Melee: War axe           |   105 |   173 |   108 ||   386
       Hand axe          |       |    21 |   185 ||   206
  Use: Scroll            |       |     5 |       ||     5
       Potion            |       |       |     2 ||     2
 Stab: Distracted        |     1 |       |       ||     1
  Eat: Chunk             |       |     6 |     5 ||    11
       Fruit             |       |       |     2 ||     2
       Meat ration       |       |       |     1 ||     1
Armor: Scale mail        |    49 |       |       ||    49
       Chain mail        |       |    96 |    73 ||   169
Dodge: Dodged            |    46 |   100 |   103 ||   249
Block: Shield            |    56 |    96 |   129 ||   281
